 Dungeon Sprint DCSS version 0.28-a0-381-g937acc2988 (webtiles) character file.

Game seed: 14517751749681202396

114 Ankalagon the Poker (level 4, -1/76 HPs)
             Began as a Naga Berserker on Sept 1, 2021.
             Was a Follower of Trog.
             Succumbed to a scorpion's poison
             ... in the Dungeon (Sprint II: "The Violet Keep of Menkaure").
             The game lasted 00:00:16 (14 turns).

Ankalagon the Poker (Naga Berserker)                  Turns: 14, Time: 00:00:16

Health: -1/76      AC:  2    Str: 19    XL:     4   Next: 97%
Magic:  4/4        EV: 10    Int:  7    God:    Trog [*.....]
Gold:   0          SH:  0    Dex: 12    Spells: 3/3 levels left

rFire   . . .      SeeInvis +   a - +0 spear
rCold   . . .      Faith    .   (no shield)
rNeg    . . .      Spirit   .   b - +0 animal skin
rPois   +          Reflect  .   (no helmet)
rElec   .          Harm     .   (no cloak)
rCorr   .          Rampage  .   (no gloves)
Will    .....      NoTele   +   (no barding)
Stlth   ..........              (no amulet)
HPRegen 0.22/turn               (no ring)
MPRegen 0.09/turn               (no ring)

@: berserking (expiring), lethally poisoned (-1 -> -7), quick
A: AC +1, large, see invisible, deformed body, poison resistance, slowness 2,
spit poison 1, naga tail 1
a: Spit Poison, Renounce Religion, Berserk


You were in the Dungeon.
You worshipped Trog.
Trog was aware of your devotion.
You visited 1 branch

Inventory:

Hand Weapons
 a - a +0 spear (weapon)
Armour
 b - a +0 animal skin (worn)
Scrolls
 h - a scroll of blinking
Potions
 c - a potion of curing
 d - a potion of heal wounds
 e - a potion of haste
 f - 2 potions of magic
 g - a potion of berserk rage


   Skills:
 + Level 7.2 Fighting
 + Level 7.2 Polearms
 - Level 1.5 Armour
 - Level 1.5 Dodging


You had 3 spell levels left.
You didn't know any spells.
Your spell library was empty.

Dungeon Overview and Level Annotations

Branches:
Dungeon (1/1)

Altars:


Innate Abilities, Weirdness & Mutations

Your serpentine skin is tough. (AC +1)
You have supernaturally acute eyesight. (SInv)
Armour fits poorly on your strangely shaped body.
Your system is resistant to poisons. (rPois)
You cover ground very slowly.
You can spit poison.
You have a snake-like lower body.


Message History

Your Polearms skill gained 3 levels and is now at level 6!
You have reached level 2!
You have reached level 3!
Your experience leads to an increase in your attributes!
Increase (S)trength, (I)ntelligence, or (D)exterity?
You feel agile.
Your skin feels tougher.
You have reached level 4!
You feel agile.
Reach: a) +0 spear
Press: ? - help, Dir - move target, f - scorpion
Aim: a scorpion (about 34% to evade your +0 spear)
You reach to attack!
You barely miss the scorpion.
You feel sick.
Reach: a) +0 spear
Press: ? - help, Dir - move target, f/p - scorpion
Aim: a scorpion (about 34% to evade your +0 spear)
You hit the scorpion.
The scorpion is moderately wounded.
You feel sick.
You puncture the scorpion!
The scorpion is almost dead.
You feel sick. The scorpion barely misses you.
You hit the scorpion.
The scorpion is almost dead.
You feel sick. The scorpion stings you!
* * * LOW HITPOINT WARNING * * *
You puncture the scorpion!
You kill the scorpion!
Trog accepts your kill.
* * * LOW HITPOINT WARNING * * *
You feel sick.
Your Fighting skill increases to level 7!
Your Polearms skill increases to level 7!
You slam the door shut with a bang, pushing everything out of the way!
You see here a scorpion corpse.
* * * LOW HITPOINT WARNING * * *
You feel sick.
There is a lethal amount of poison in your body!
You are too berserk!
You feel a strong urge to attack something.
You die...

## ##
. .
.#.
#$#
#+#
##†##
+.@.+
##.##
#+#


There were no monsters in sight!

Vanquished Creatures
  2 scorpions (D)
2 creatures vanquished.

Notes
Turn   | Place    | Note
-------+----------+-------------------------------------------
     0 | D        | Ankalagon the Naga Berserker began the quest for the Orb.
     0 | D        | Reached XP level 1. HP: 21/21 MP: 1/1
     1 | D        | Noticed a scorpion
     1 | D        | Noticed a scorpion
     7 | D        | Killed a scorpion
     8 | D        | Reached XP level 2. HP: 10/33 MP: 2/2
     8 | D        | Reached XP level 3. HP: 12/40 MP: 3/3
     8 | D        | Reached XP level 4. HP: 15/48 MP: 4/4
    11 | D        | HP: 2/72 [scorpion (8)]
    12 | D        | Killed a scorpion
    14 | D        | Succumbed to a scorpion's poison

Illustrated notes

Levels and vault maps discovered:
D:        the_violet_keep_of_menkaure [sprint2_stairs_cluster_1,
          sprint2_shoproom, sprint2_temple, sprint2_basic_supplies,
          sprint2_obstacle_6, sprint2_obstacle_1, sprint2_obstacle_3,
          sprint2_obstacle_4, sprint2_obstacle_7, sprint2_timed_cluster_1,
          sprint2_smallroom_cluster_1, sprint2_smallroom_final_cluster_1,
          sprint2_transparent_cluster_1, sprint2_second_timed_cluster_1,
          sprint2_sniper_area_1, sprint2_heavy_combat_area_1,
          sprint2_mutation_trap_area_1, sprint2_forest_area_1,
          sprint2_light_combat_area_1, sprint2_behind_water_1,
          sprint2_near_end_vault_1]

Skill      XL: |  1  2  3  4 |
---------------+-------------+-----
Fighting       | 6 7 |  7.2
Polearms       | 6 7 |  7.2
Armour         | |  1.5
Dodging        | |  1.5

Action                   |  1- 3 |  4- 6 || total
-------------------------+-------+-------++-------
Melee: Spear             |     5 |     5 ||    10
Invok: Berserk           |     1 |       ||     1
Dodge: Dodged            |       |     1 ||     1

Table legend: (Time is in decaauts)
 A = Elapsed time spent in this place.
 B = Non-inter-level travel time spent in this place.
 C = Inter-level travel time spent in this place.
 D = Time resting spent in this place.
 E = Time spent auto-exploring this place.
 F = Levels seen in this place.
 G = Mean time per level.
                   A        B        C        D        E       F      G
               +--------+--------+--------+--------+--------+-----+--------+
         Total |      9 |      9 |      0 |      0 |      0 |   1 |    9.0 |
       Dungeon |      9 |      9 |      0 |      0 |      0 |   1 |    9.0 |
               +--------+--------+--------+--------+--------+-----+--------+

Top non-repeatable levels by time:
       D: 9 daAuts
